 Dungeon Crawl Stone Soup version 0.31-a0-174-g85c54bcb58 (webtiles) character file.

Game seed: 15613713860059626524

351 qw the Chopper (level 6, -2/38 HPs)
             Began as a Gargoyle Fighter on June 15, 2023.
             Slain by an ogre
             ... wielding a +0 giant club
              (26 damage)
             ... on level 5 of the Dungeon.
             The game lasted 00:01:58 (3476 turns).

qw the Chopper (Gargoyle Fighter)                   Turns: 3476, Time: 00:01:58

Health: -2/38      AC: 20    Str: 20 (22) XL:     6   Next: 61%
Magic:  6/6        EV:  6    Int:  5 (8)  God:
Gold:   135        SH:  4    Dex: 12 (15) Spells: 5/5 levels left

rFire   . . .        Y - +1 war axe
rCold   . . .        c - +0 buckler
rNeg    + + .        b - +0 plate armour
rPois   inf          (no helmet)
rElec   +            o - +0 cloak
rCorr   .            k - +0 pair of gloves
SInv    .            e - +1 pair of boots
Will    .....        (no amulet) Stlth
                     g - +6 ring of dexterity
HPRegen 0.26/turn    m - ring of positive energy
MPRegen 0.10/turn

%: no passive effects
@: no status effects
A: sickness immunity, AC +4, negative energy resistance 1, electricity
resistance, torment resistance 1, petrification resistance
a: no special abilities


You were on level 5 of the Dungeon.
You visited 1 branch of the dungeon, and saw 5 of its levels.

You collected 135 gold pieces.


Innate Abilities, Weirdness & Mutations

You are immune to sickness and miasma.
Your stone body is resilient. (AC +4)
You are immune to poison.
You resist negative energy. (rN+)
You are resistant to electric shocks. (rElec)
You are resistant to unholy torment.
You are immune to petrification.


   Skills:
 - Level 4.2 Fighting
 + Level 5.5 Axes
 - Level 3.2 Armour
 - Level 1.2 Dodging
 - Level 3.2 Shields


You had 5 spell levels left.
You didn't know any spells.
Your spell library was empty.

Inventory:

Hand Weapons
 f - a +0 whip
 Y - a +1 war axe (weapon)
Armour
 b - a +0 plate armour (worn)
 c - a +0 buckler (worn)
 e - a +1 pair of boots (worn)
 k - a +0 pair of gloves (worn)
 o - a +0 cloak (worn)
Jewellery
 g - a +6 ring of dexterity (left hand)
 m - a ring of positive energy (right hand)
Scrolls
 j - a scroll of identify
Potions
 d - a potion of might
 i - a potion of curing
 l - a potion of heal wounds
 n - a potion of attraction

Dungeon Overview and Level Annotations

Branches:
Dungeon (5/15)
 Temple: D:4-7

Altars:
Fedhas
Gozag
Makhleb
Qazlal
Ru
Sif Muna
Trog
Uskayaw

Shops:
D:1 :


Message History

Enter note: The centaur shoots an arrow.
The arrow barely misses you.
The centaur shoots an arrow.
The arrow hits you but does no damage.
Enter note:
Enter note: The centaur unwields a +0 orcbow.
The centaur hits you but does no damage.
The centaur kicks you but does no damage.
The ogre completely misses you.
Enter note: You slash the ogre!
The ogre is heavily wounded.
You hit the centaur. You block the centaur's attack. The centaur kicks you.
A jelly comes into view.
The ogre hits you with a +0 giant club!
The centaur hits you but does no damage.
You block the centaur's attack.
You barely miss the ogre.
The ogre is heavily wounded.
The jelly quivers.
You slash the centaur!
The centaur hits you but does no damage.
The centaur kicks you but does no damage.
The centaur barely misses you.
The centaur kicks you but does no damage.
The ogre hits you but does no damage.
You slash the ogre!
The ogre is severely wounded.
You hit the centaur. The centaur barely misses you.
The centaur kicks you but does no damage.
The centaur hits you but does no damage.
The centaur kicks you but does no damage.
You hit the ogre but do no damage.
The ogre is severely wounded.
You barely miss the centaur.
The ogre hits you with a +0 giant club!!
Ouch! That really hurt!
You die...

....## #...# .....#
##...# ##....... .....#
#....###.......## .....#
#...###..........
)...####...###....J.....
...## #....##...........
....###...##...........
###.......#......O.#
####....#.....@##
#.............c#
#...##.#.###..##
##..###### #### ####


You could see an ogre, a centaur and a jelly.

Vanquished Creatures
  An iguana (D:5)
  An orc priest (D:5)
  2 hounds (D:4)
  3 orc wizards (D:4)
  7 adders
  A worm (D:3)
  3 dart slugs
  7 orcs
  5 bats
  7 endoplasms
  6 giant cockroaches
  8 goblins
  13 hobgoblins
  5 quokkas
  4 ball pythons
  5 kobolds
  2 rats
80 creatures vanquished.

Notes
Turn   | Place    | Note
-------+----------+-------------------------------------------
     0 | D:1      | qw the Gargoyle Fighter began the quest for the Orb.
     0 | D:1      | Reached XP level 1. HP: 14/14 MP: 1/1
     0 | D:1      | 0 ||| qw: Version: 0.2-a-29-g511e9b1
     0 | D:1      | 0 ||| qw: Game counter: 5521
     0 | D:1      | 0 ||| qw: Always use a shield: true
     0 | D:1      | 0 ||| qw: God list: Okawaru
     0 | D:1      | 0 ||| qw: Allow faded altars: false
     0 | D:1      | 0 ||| qw: Do Orc after D:15 true
     0 | D:1      | 0 ||| qw: Do second Lair branch before Depths: true
     0 | D:1      | 0 ||| qw: Lair rune preference: random
     0 | D:1      | 0 ||| qw: Plans: Normal, Zot:1-4, Slime:5, God:TSO, Crypt,
                  | Tomb, Abyss, Pan, Hells, Win
     0 | D:1      | 0 ||| PLANNING D:1-11
    37 | D:1      | Reached skill level 2 in Axes
   128 | D:1      | Reached XP level 2. HP: 19/19 MP: 2/2
   154 | D:1      | 154 ||| Stepping ~*~*~tactically~*~*~ (hiding).
   194 | D:1      | Found Touxismunudd's Vocational Training.
   596 | D:1      | Reached skill level 3 in Axes
   635 | D:1      | Reached XP level 3. HP: 23/23 MP: 3/3
   806 | D:1      | 806 ||| UPGRADING to +0 pair of boots.
   811 | D:1      | 811 ||| UPGRADING to +6 ring of dexterity.
   812 | D:1      | 812 ||| READING scroll labelled GYNNUT XURE.
   813 | D:1      | 813 ||| READING scroll labelled JOJIOHO DEICEU.
  1005 | D:2      | Reached skill level 1 in Dodging
  1075 | D:2      | 1075 ||| Stepping ~*~*~tactically~*~*~ (stealth).
  1077 | D:2      | 1077 ||| Stepping ~*~*~tactically~*~*~ (stealth).
  1078 | D:2      | 1078 ||| Stepping ~*~*~tactically~*~*~ (stealth).
  1150 | D:2      | 1150 ||| Stepping ~*~*~tactically~*~*~ (stealth).
  1155 | D:2      | Reached XP level 4. HP: 28/28 MP: 4/4
  1461 | D:2      | Found a shimmering blue altar of Sif Muna.
  1701 | D:2      | 1701 ||| UPGRADING to +0 chain mail.
  1711 | D:2      | 1711 ||| DROPPING +0 scale mail.
  1712 | D:2      | 1712 ||| UPGRADING to +0 cloak.
  1717 | D:2      | 1717 ||| READING scroll labelled POTEINEOTI.
  1718 | D:2      | 1718 ||| READING scroll labelled DEWASO YV IST.
  1719 | D:2      | 1719 ||| READING scroll labelled MODGHOI DYZYJOL.
  1720 | D:2      | 1720 ||| READING 2 scrolls of identify.
  1720 | D:2      | 1720 ||| IDENTIFYING cyan potion
  1721 | D:2      | 1721 ||| DROPPING potion of brilliance.
  1843 | D:3      | Found a burning altar of Makhleb.
  1845 | D:3      | Found a sacrificial altar of Ru.
  1879 | D:3      | 1879 ||| Stepping ~*~*~tactically~*~*~ (stealth).
  1881 | D:3      | 1881 ||| Stepping ~*~*~tactically~*~*~ (hiding).
  1963 | D:3      | 1963 ||| Stepping ~*~*~tactically~*~*~ (stealth).
  2202 | D:3      | Found a stormy altar of Qazlal.
  2461 | D:3      | 2461 ||| UPGRADING to +0 plate armour.
  2471 | D:3      | 2471 ||| DROPPING scarf of shadows.
  2472 | D:3      | 2472 ||| DROPPING +0 chain mail.
  2473 | D:3      | 2473 ||| UPGRADING to ring of positive energy.
  2474 | D:3      | 2474 ||| READING scroll labelled KIEHO LOAN.
  2475 | D:3      | 2475 ||| READING scroll labelled WYS EMIERI XASI.
  2478 | D:3      | 2478 ||| READING 4 scrolls of identify.
  2478 | D:3      | 2478 ||| IDENTIFYING murky orange potion
  2479 | D:3      | 2479 ||| READING 3 scrolls of identify.
  2479 | D:3      | 2479 ||| IDENTIFYING fuming silvery potion
  2480 | D:3      | 2480 ||| READING 2 scrolls of identify.
  2480 | D:3      | 2480 ||| IDENTIFYING red potion
  2523 | D:4      | Reached skill level 4 in Axes
  2636 | D:4      | Reached XP level 5. HP: 32/32 MP: 5/5
  2735 | D:4      | Reached skill level 5 in Axes
  2747 | D:4      | 2747 ||| READING scroll of enchant armour.
  2747 | D:4      | 2747 ||| ENCHANTING +0 pair of boots.
  2766 | D:4      | 2766 ||| Stepping ~*~*~tactically~*~*~ (hiding).
  2777 | D:4      | Reached XP level 6. HP: 34/38 MP: 6/6
  3007 | D:4      | Found a blossoming altar of Fedhas.
  3010 | D:4      | Found a hide-covered altar of Uskayaw.
  3013 | D:4      | Found a bloodstained altar of Trog.
  3016 | D:4      | Found an opulent altar of Gozag.
  3185 | D:4      | Found a shimmering blue altar of Sif Muna.
  3186 | D:4      | 3186 ||| UPGRADING to +0 pair of gloves.
  3191 | D:4      | 3191 ||| READING scroll labelled OZOHAPPUOPH.
  3192 | D:4      | 3192 ||| DRINKING 2 puce potions.
  3193 | D:4      | 3193 ||| DROPPING potion of degeneration.
  3234 | D:5      | Entered Level 5 of the Dungeon
  3239 | D:5      | 3239 ||| STAIRDANCE
  3283 | D:5      | 3283 ||| FLEEEEING.
  3284 | D:5      | 3284 ||| STAIRDANCE
  3476 | D:5      | Slain by an ogre

Levels and vault maps discovered:
D:1:      roderic_octagonal_star, layout_basic, nicolae_shop_vocational
D:2:      layout_basic, basic_altar
D:3:      layout_loops_cross, chequers_temple_overflow_statue_of_worship,
          grunt_qazlal_sundering, minmay_misc_feat_four_crosses
D:4:      layout_cave_pools, lemuel_blue_sif_altar,
          grunt_temple_overflow_cloverleaf
D:5:      layout_cave_pods, uniq_prince_ribbit1, uniq_crazy_yiuf_cottage

Skill      XL: |  1  2  3  4  5  6 |
---------------+-------------------+-----
Axes           | 2 3 4 5 |  5.5
Dodging        | 1 |  1.2
Fighting       | 4 |  4.2
Armour         | |  3.2
Shields        | |  3.2

Action                     |  1- 3 |  4- 6 || total
---------------------------+-------+-------++-------
  Melee: War axe           |    90 |   153 ||   243
    Use: Scroll            |     2 |    11 ||    13
         Potion            |       |     1 ||     1
 Armour: Scale mail        |    35 |     9 ||    44
         Plate armour      |       |    79 ||    79
         Chain mail        |       |    11 ||    11
  Dodge: Dodged            |    48 |    48 ||    96
  Block: Buckler           |    12 |    32 ||    44

Table legend:
 A = Non-vault XP
 B = Vault XP
 C = Vault XP percentage of total XP
 D = Non-vault monster count
 E = Vault monster count
 F = Vault count percentage of total count
                 A         B        C        D         E       F
            +---------+---------+-------+---------+---------+-------
      Total |     502 |       0 |   0.0 |      80 |       0 |   0.0
            +---------+---------+-------+---------+---------+-------
        D:1 |      44 |       0 |   0.0 |      21 |       0 |   0.0
        D:2 |      54 |       0 |   0.0 |      17 |       0 |   0.0
        D:3 |      37 |       0 |   0.0 |      12 |       0 |   0.0
        D:4 |     279 |       0 |   0.0 |      26 |       0 |   0.0
        D:5 |      88 |       0 |   0.0 |       4 |       0 |   0.0
            +---------+---------+-------+---------+---------+-------
